 Dungeon Sprint DCSS version 0.16-a0-4008-gc88e425 (webtiles) character file.

1 PolkaDot the Caller (level 1, 13/13 HPs)
             Began as a Vampire Summoner on Feb 16, 2015.
             Was an Initiate of Sif Muna.
             Quit the game in the Dungeon (Sprint VII: "The Pits").
             The game lasted 00:00:47 (92 turns).

PolkaDot the Caller (Vampire Summoner)                Turns: 92, Time: 00:00:47

Health: 13/13      AC:  2    Str:  7    XL:     1   Next: 16%
Magic:  3/3        EV: 12    Int: 17    God:    Sif Muna [......]
Gold:   0          SH:  0    Dex: 14    Spells: 1 memorised, 3 levels left

rFire  . . .     SeeInvis +     o - staff of energy
rCold  . . .     Clarity  .     a - +0 robe
rNeg   . . .     SustAb   .     (no shield)
rPois  .         Gourm    .     (no helmet)
rElec  .         Spirit   .     (no cloak)
rCorr  .         Warding  .     (no gloves)
rMut   .         NoTele   +     (no boots)
MR     .....                    (no amulet)
Stlth  ++........               (no ring)
                                (no ring)

@: regenerating quickly, not resistant to hostile enchantments, unstealthy
A: bottle blood, fangs 3, see invisible, unbreathing
a: Renounce Religion


You were in the Dungeon.
You worshipped Sif Muna.
Sif Muna was noncommittal.
You were full.

You visited 1 branch

Inventory:

Hand weapons
 c - a +0 mace
Armour
 a - a +0 robe (worn)
Magical staves
 o - an uncursed staff of energy (weapon)
Scrolls
 i - a scroll of blinking
 k - 3 scrolls of remove curse
 l - 5 scrolls of amnesia
 m - a scroll of summoning
 n - 2 scrolls of vulnerability
Potions
 d - a potion of curing
 e - a potion of heal wounds
 f - a potion of haste
 g - 4 potions of magic
 h - 3 potions of berserk rage
 j - 2 potions of invisibility
Books
 b - a book of Callings

   Spells                             Type                      Level
   a - Summon Small Mammal            Summoning                    1
   b - Call Imp                       Summoning                    2
   c - Call Canine Familiar           Summoning                    3
   d - Summon Guardian Golem          Hexes/Summoning              4
   e - Summon Lightning Spire         Summoning/Air                4
   f - Summon Ice Beast               Ice/Summoning                4


   Skills:
 - Level 2.1 Dodging
 - Level 3.0 Stealth
 - Level 2.0 Spellcasting
 + Level 4.5 Summonings


You had 3 spell levels left.
You knew the following spells:

 Your Spells              Type           Power        Failure   Level  Hunger
z - Summon Small Mammal   Summ           ###.         2%          1    None


Dungeon Overview and Level Annotations

Branches:
Dungeon (1/1)

Altars:
Ashenzari
Cheibriados
Dithmenos
Elyvilon
Fedhas
Kikubaaqudgha
Makhleb
Nemelex Xobeh
Okawaru
Ru
Sif Muna
Trog
Vehumet
Xom
Yredelemnul
Zin
The Shining One
Beogh
Jiyva
Lugonu


Innate Abilities, Weirdness & Mutations

Your natural rate of healing is unusually fast.
You can bottle blood from corpses.
You have razor-sharp teeth.
You have supernaturally acute eyesight.
You can survive without breathing.


Message History

There is an open door to the Temple (Safe) here.
There is a sacrificial altar of Ru here.
There is a deep blue altar of Sif Muna here.
You kneel at the altar of Sif Muna.
Sif Muna welcomes you!
There is a sacrificial altar of Ru here.
There is an open door to the Temple (Safe) here.
There is an open door here.
Things that are here:
40 fruits; 7 meat rations; 7 bread rations
k - 3 scrolls of remove curse;
l - 5 scrolls of amnesia
m - a scroll of summoning You see here 2 scrolls of vulnerability.
n - 2 scrolls of vulnerability
Things that are here:
10 stones; an uncursed staff of energy
o - an uncursed staff of energy Wield which item (- for none, * to show all)? (? for menu, Esc to quit)
o - an uncursed staff of energy (weapon)
Are you sure you want to abandon this character and quit the game? (Confirm with "yes".)

############ #__________#
#__________#
#.#####'##############
#)))'.'%.##..........
#)))#.#.@##......#..#.
#######'#####...........
#...........'.รท.........
#+#####+#####......#..#..
#............
####'#####++# #.......#
#.......# #.......#


There were no monsters in sight!

Vanquished Creatures (collateral kills)
  An orc (D)
1 creature vanquished.

Notes
Turn   | Place    | Note
--------------------------------------------------------------
     0 | D        | PolkaDot, the Vampire Summoner, began the quest for the Orb.
     0 | D        | Reached XP level 1. HP: 13/13 MP: 3/3
    70 | D        | Found a sacrificial altar of Ru.
    70 | D        | Found a basalt altar of Yredelemnul.
    70 | D        | Found a shadowy altar of Dithmenos.
    70 | D        | Found a deep blue altar of Sif Muna.
    70 | D        | Found a burning altar of Makhleb.
    70 | D        | Found a shimmering altar of Xom.
    70 | D        | Found an ancient bone altar of Kikubaaqudgha.
    70 | D        | Found a sparkling altar of Nemelex Xobeh.
    71 | D        | Found a glowing golden altar of the Shining One.
    71 | D        | Found a bloodstained altar of Trog.
    71 | D        | Found a shattered altar of Ashenzari.
    71 | D        | Found a white marble altar of Elyvilon.
    71 | D        | Found a snail-covered altar of Cheibriados.
    71 | D        | Found a blossoming altar of Fedhas.
    71 | D        | Found a radiant altar of Vehumet.
    71 | D        | Found a glowing silver altar of Zin.
    71 | D        | Found a corrupted altar of Lugonu.
    71 | D        | Found a viscous altar of Jiyva.
    71 | D        | Found a roughly hewn altar of Beogh.
    71 | D        | Found an iron altar of Okawaru.
    81 | D        | Became a worshipper of Sif Muna the Loreminder
    92 | D        | Quit the game

Action                   || total
-------------------------++-------
Melee: Unarmed           ||     4
 Cast: Summon Small Mamm ||     3
  Use: Potion            ||     1
  Eat: Corpse            ||     1
